cohdb
Replays
Latest Replays
All Replays
Popular Replays
Top Player Replays
Match Explorer
How It Works
Community
CoH3 Stats
Reddit
Sign in to upload your games and track your stats! →
Sign in with Steam
Match 20266701
Unlisted
Match 20266701
Overview
Messages
Build Orders
End
Selects Italian Coastal Battlegroup
Selects Coastal Reserves
Coastal Reserve
Construct Infanterie Kompanie
Coastal Reserve
GrW 34 Mortar Team
MG 42 Machine Gun Team
Selects Artillery Officer
Artillery Officer
Construct Luftwaffe Kompanie
Jäger Squad
Medical Bunker
Jäger Squad
Selects Designate Defensive Line
Flak 30 Anti-aircraft Gun Team
Support Elements
Wirbelwind Flakpanzer
Designate Defensive Line
Luftwaffe Officer Quarters
Jäger Squad
Wirbelwind Flakpanzer
AI Takeover
Tirant
Hunter dak 4v4 player
Walther
Frost
0
0
Comments
sign in to comment!
No comments posted yet!